 Dungeon Crawl Stone Soup version bcrawl-1.31.4 (webtiles) character file.

Game seed: 16747150799272339282

94361 Morbidden the Conjurer (level 5, 0/29 HPs)
             Began as a Skeleton Conjurer on June 10, 2021.
             Slain by an orc wizard
             ... wielding a +0 dagger
              (1 damage)
             ... on level 4 of the Dungeon.
             The game lasted 00:05:55 (4656 turns).

Morbidden the Conjurer (Skeleton Conjurer)          Turns: 4656, Time: 00:05:55

Health: 0/29       AC:  5    Str: 15      XL:     5   Next: 30%
Magic:  0/11       EV: 11    Int: 14      God:
Gold:   239        SH:  0    Dex:  8 (9)  Spells: 9/12 levels left

rFire    . . .     SeeInvis .   a - +1 short sword
rCold    + . .     Gourm    .   (no shield)
rNeg     + + +     Faith    .   g - +0 ring mail
rPois    ∞         Spirit   +   (no helmet)
rElec    .         Reflect  .   (no cloak)
rCorr    +         Harm     .   (no gloves)
MR       .....                  (no boots)
Stlth    +.........             (no amulet)
HPRegen  0.09/turn              h - ring of resist corrosion
MPRegen  0.12/turn              (no ring)

@: no status effects
A: no food or potions, cold resistance 1, deterioration 1, negative energy
resistance 3, torment resistance, unbreathing, magic shield, sturdy frame 1,
spell healing
a: no special abilities


You were on level 4 of the Dungeon.
You were not hungry.

You visited 1 branch of the dungeon, and saw 4 of its levels.

You collected 239 gold pieces.

Inventory:

Hand Weapons
 a - a +1 short sword (weapon)
Missiles
 n - 78 poisoned tomahawks (quivered)
Armour
 g - a +0 ring mail (worn)
 l - a cursed -2 helmet
Jewellery
 d - an uncursed ring of protection from fire {unknown}
 h - a ring of resist corrosion (left hand)
Wands
 b - a wand of polymorph (11)
Scrolls
 c - 3 scrolls of remove curse
 e - a scroll of noise
 f - 3 scrolls of magic mapping
 i - a scroll of identify
 j - a scroll of enchant armour {unknown}
 k - 2 scrolls of teleportation
 m - a scroll of fear {unknown}


   Skills:
 * Level 1.6 Fighting
 + Level 1.0 Short Blades
 + Level 0.1 Throwing
 + Level 0.5 Armour
 + Level 2.2 Dodging
 + Level 2.7 Stealth
 * Level 4.2 Spellcasting
 * Level 6.5 Conjurations


You had 9 spell levels left.
You knew the following spells:

 Your Spells              Type           Power        Failure   Level  Hunger
a - Magic Dart            Conj           ###.         1%          1    N/A
b - Searing Ray           Conj           ###.....     2%          2    N/A

Your spell library contained the following spells:

 Spells                   Type           Power        Failure   Level  Hunger
 Iskenderun's Mystic Bla  Conj           ###.....     5%          3    N/A
 Fulminant Prism          Conj/Hex       ##........   56%         4    N/A
 Irradiate                Conj/Tmut      ##........   88%         5    N/A

Dungeon Overview and Level Annotations

Branches:
Dungeon (4/12)
 Temple: D:4-7

Altars:
Ashenzari
Kikubaaqudgha
Lugonu
Vehumet
Xom


Innate Abilities, Weirdness & Mutations

You do not eat or drink.
You are immune to poison.
Your flesh is cold resistant. (rC+)
Your body sometimes deteriorates upon taking damage.
You are immune to negative energy. (rN+++)
You are immune to unholy pain and torment.
You can survive without breathing.
When hurt, damage is shared between your health and your magic reserves.
Your movements are slightly less encumbered by armour. (ER -2)
Casting spells heals you.


Message History

The orc wizard hits you but does no damage.
The frilled lizard closely misses you. The orc wizard barely misses you.
No path to travel!
No path to travel!
Throwing (i - inventory)
n - 79 poisoned tomahawks (quivered)
Press: ? - help, Shift-Dir - straight line, f/p - orc wizard
Aim: an orc wizard, wielding a +0 dagger and wearing a +0 robe (severely wounded, fast, poisoned)
You throw a poisoned tomahawk.
The poisoned tomahawk barely misses the orc wizard.
The orc wizard hits you with a +0 dagger.
* * * LOW HITPOINT WARNING * * *
The frilled lizard bites you but does no damage.
The orc wizard hits you but does no damage.
The frilled lizard barely misses you.
No path to travel!
No path to travel!
The orc wizard hits you with a +0 dagger.
* * * LOW HITPOINT WARNING * * *
The orc wizard hits you with a +0 dagger.
You die...

#.#
#....>#)#.#.#.#
#.#
#.####.!.......
#.# #.#
##.#.#.#.#
#.####(#
#.........
#.[....#
##.#.#.#.#
########
#.{.......
##.#.#.#.#
#.ol......
##@#.#.#.#
#########


You could see an orc wizard and a frilled lizard.

Vanquished Creatures
  An orc priest (D:4)
  Ijyb (D:3)
  2 adders (D:3)
  An adder skeleton (D:4)
  4 worms
  2 dart slugs (D:2)
  9 leopard geckos
  2 orcs (D:3)
  8 bats
  5 giant cockroaches
  3 goblins
  6 hobgoblins
  5 jackals (D:3)
  2 quokkas (D:2)
  3 ball pythons
  7 frilled lizards
  2 jackal skeletons (D:2)
  11 kobolds
  2 rats
76 creatures vanquished.

Notes
Turn   | Place    | Note
-------+----------+-------------------------------------------
     0 | D:1      | Morbidden the Skeleton Conjurer began the quest for the
                  | Orb.
     0 | D:1      | Reached XP level 1. HP: 10/10 MP: 4/4
    74 | D:1      | Reached skill level 5 in Conjurations
   137 | D:1      | Reached XP level 2. HP: 10/15 MP: 0/6
   185 | D:1      | Learned a level 2 spell: Searing Ray
   806 | D:1      | Reached XP level 3. HP: 19/19 MP: 3/7
  1909 | D:2      | HP: 1/20 [quokka (3)]
  2162 | D:2      | Found a radiant altar of Vehumet.
  2324 | D:2      | Found a faded altar of an unknown god.
  2351 | D:2      | Reached XP level 4. HP: 24/24 MP: 1/9
  2823 | D:3      | Reached skill level 6 in Conjurations
  2900 | D:3      | Found a corrupted altar of Lugonu.
  2952 | D:3      | Found a shimmering altar of Xom.
  3089 | D:3      | Reached skill level 1 in Short Blades
  3139 | D:3      | Found a shattered altar of Ashenzari.
  3139 | D:3      | Found an ancient bone altar of Kikubaaqudgha.
  3157 | D:3      | Noticed Ijyb
  3887 | D:3      | Found a shimmering altar of Xom.
  3922 | D:3      | Killed Ijyb
  3923 | D:3      | Reached XP level 5. HP: 28/28 MP: 9/11
  3942 | D:3      | Found an ancient bone altar of Kikubaaqudgha.
  3942 | D:3      | Found a shattered altar of Ashenzari.
  4179 | D:3      | Found a corrupted altar of Lugonu.
  4630 | D:4      | Reached skill level 1 in Fighting
  4655 | D:4      | HP: 1/29 [orc wizard/+0 dagger (1)]
  4656 | D:4      | Slain by an orc wizard

Skill      XL: |  1  2  3  4  5 |
---------------+----------------+-----
Conjurations   | 5 6 |  6.5
Spellcasting   | 4 |  4.2
Short Blades   | 1 |  1.0
Fighting       | 1 |  1.6
Throwing       | |  0.1
Armour         | |  0.5
Dodging        | |  2.2
Stealth        | |  2.7

Action                   |  1- 3 |  4- 6 || total
-------------------------+-------+-------++-------
Melee: Unarmed           |    13 |       ||    13
       Short sword       |    21 |    32 ||    53
Throw: Tomahawk          |       |    22 ||    22
 Cast: Magic Dart        |    92 |    51 ||   143
       Searing Ray       |    16 |     8 ||    24
  Use: Scroll            |     2 |     5 ||     7
Armor: Robe              |    13 |       ||    13
       Ring mail         |       |    42 ||    42
Dodge: Dodged            |    71 |    50 ||   121
